 Dungeon Crawl Stone Soup version 0.30.0-19-g36f170ea60 (webtiles) character file.

Game seed: 17459521381489353607

9913 FishyPogo the Nimble (level 11, -6/54 HPs)
             Began as a Deep Elf Air Elementalist on May 29, 2023.
             Was an Elder of Wu Jian.
             Mangled by a death yak (24 damage)
             ... on level 10 of the Dungeon.
             The game lasted 00:57:47 (8172 turns).

FishyPogo the Nimble (Deep Elf Air Elementalist)    Turns: 8172, Time: 00:57:47

Health: -6/54      AC:  8    Str:  5    XL:     11   Next: 29%
Magic:  11/27      EV: 18    Int: 31    God:    Wu Jian [****..]
Gold:   560        SH:  5    Dex: 15    Spells: 20/30 levels left

rFire   . . .        O - +12 pair of quick blades "Gyre" and "Gimble" {protect}
rCold   . . .        (shield currently unavailable)
rNeg    . . .        J - +2 robe {Will+}
rPois   +            S - +0 helmet {SInv}
rElec   .            p - +0 cloak
rCorr   .            c - +0 pair of gloves
SInv    +            s - +0 pair of boots
Will    ++...        o - amulet of reflection
Stlth   ++           j - +6 ring of intelligence
HPRegen 0.29/turn    H - ring of poison resistance
MPRegen 0.20/turn

%: reflection
@: about to teleport
A: no striking features
a: Renounce Religion, Wall Jump, Serpent's Lash


You were on level 10 of the Dungeon.
You worshipped Wu Jian.
Wu Jian was greatly pleased with you.
You visited 1 branch of the dungeon, and saw 11 of its levels.
You also visited: Bailey.

You collected 560 gold pieces.

Inventory:

Hand Weapons
 d - a +1 spear of freezing
 y - a +4 war axe of freezing
 I - a +5 vampiric short sword
 O - the +12 pair of quick blades "Gyre" and "Gimble" (weapon) {protect}
   (You found it on level 7 of the Dungeon)
Missiles
 e - 80 stones
 m - a throwing net
 r - 11 poisoned darts
 w - 15 boomerangs
 L - 4 javelins
 V - 3 silver boomerangs
Armour
 a - a +0 robe
 c - a +0 pair of gloves (worn)
 p - a +0 cloak (worn)
 s - a +0 pair of boots (worn)
 x - the +0 robe of Okawaru, Howling {Regen+ Str+5 Int-2 Stlth+}
   (You found it on level 4 of the Dungeon)

   Str:       It affects your strength (+5).
   Int:       It affects your intelligence (-2).
   Regen:     It increases your rate of health regeneration.
   Stlth:     It makes you more stealthy.
 J - a +2 robe of willpower (worn)
 Q - a +1 ring mail of fire resistance
 S - a +0 helmet of see invisible (worn)
 U - +2 shadow dragon scales
Jewellery
 j - a +6 ring of intelligence (left hand)
 o - an amulet of reflection (around neck)
 z - a ring of protection from cold
 F - a ring of willpower
 H - a ring of poison resistance (right hand)
 W - a ring of magical power
Wands
 v - a wand of quicksilver (9)
 A - a wand of paralysis (7)
 E - a wand of iceblast (5)
 G - a wand of flame (37)
 M - a wand of digging (5)
Scrolls
 f - 14 scrolls of identify {unknown}
 g - 3 scrolls of summoning {unknown}
 n - 3 scrolls of teleportation
 t - 2 scrolls of enchant armour
 u - a scroll of blinking {unknown}
 B - a scroll of silence {unknown}
 C - a scroll of immolation {unknown}
 K - a scroll of fear {unknown}
 N - a scroll of amnesia {unknown}
 X - a scroll of fog {unknown}
Potions
 b - a potion of magic
 h - 4 potions of heal wounds
 i - 3 potions of curing
 k - 2 potions of haste {unknown}
 l - a potion of brilliance {unknown}
 q - 2 potions of degeneration {unknown}
 D - a potion of attraction {unknown}
 P - a potion of invisibility {unknown}
 R - 2 potions of lignification {unknown}
 Y - a potion of flight {unknown}
Miscellaneous
 T - a lightning rod (4/4)


   Skills:
 * Level 5.4 Short Blades
 + Level 11.2 Dodging
 - Level 3.0 Stealth
 - Level 10.0 Spellcasting
 - Level 4.0 Conjurations
 * Level 10.3 Summonings
 * Level 6.7 Transmutations
 - Level 4.0 Air Magic


You had 20 spell levels left.
You knew the following spells:

 Your Spells              Type           Power      Damage    Failure   Level
a - Shock                 Conj/Air       100%       1d9       1%          1
b - Static Discharge      Conj/Air       80%        2-6/arc   1%          2
c - Swiftness             Air            40%        N/A       1%          3
d - Airstrike             Air            20%        2d(3-19)  6%          4

Your spell library contained the following spells:

 Spells                   Type           Power      Damage    Failure   Level
 Kiss of Death            Conj/Necr      100%       2d13      1%          1
 Passwall                 Tmut/Erth      30%        N/A       1%          2
 Blink                    Tloc           30%        N/A       4%          2
 Ensorcelled Hibernation  Hex/Ice        30%        N/A       4%          2
 Confusing Touch          Hex            15%        N/A       10%         3
 Cause Fear               Hex            7%         N/A       32%         4
 Dispel Undead            Necr           15%        3d10      32%         4
 Manifold Assault         Tloc           15%        N/A       32%         4
 Dragon Form              Tmut           27%        N/A       86%         7
 Storm Form               Tmut/Air       24%        N/A       97%         7
 Dragon's Call            Summ           34%        N/A       100%        9


Dungeon Overview and Level Annotations

Branches:
Dungeon (11/15)            Temple (0/1) D:5          Bailey (visited)
   Lair: D:8-11         Orc: D:9-12

Altars:
Ru
Sif Muna
Wu Jian
Zin

Shops:
D:8 :*


Message History

You hit the death yak but do no damage. You barely miss the death yak.
You hit the death yak but do no damage. You puncture the death yak!
You spin and attack the death yak repeatedly.
You barely miss the death yak. You hit the death yak but do no damage.
You hit the death yak. You barely miss the death yak. You hit the death yak.
You completely miss the death yak. The death yak completely misses you.
The death yak barely misses you.
You spin and attack the death yak repeatedly.
You hit the death yak. You barely miss the death yak.
You hit the death yak but do no damage. x2; You hit the death yak.
You kill the death yak!
The Council accepts your kill.
You spin and attack the death yak repeatedly.
You puncture the death yak! You hit the death yak but do no damage.
You hit the death yak. You puncture the death yak!
You kill the death yak!
The Council accepts your kill.
As you read the scroll labelled SICHEF EZYNWU, it crumbles to dust.
It is a scroll of enchant armour.
Your +1 robe of willpower glows green for a moment.
The death yak barely misses you.
Casting: Airstrike (dangerous; 6% risk of failure)
Confirm with . or Enter, or press ? or * to list all spells.
The death yak is struck by an arc of lightning.
The death yak is lightly wounded.
The death yak is struck by an arc of lightning!
The death yak is lightly wounded.
The lightning grounds out.
The death yak is struck by an arc of lightning!
The death yak is lightly wounded.
You are struck by an arc of lightning.
The death yak is struck by an arc of lightning.
The death yak is lightly wounded.
The lightning grounds out.
The death yak barely misses you. The death yak gores you!
The death yak snorts and paws the ground.
As you read the scroll of teleportation, it crumbles to dust.
You feel strangely unstable. The death yak gores you.
The death yak attacks as you move away! The death yak gores you!!
You die...

.......................
.........$.............
........#..............
.......................
..............<†.......
.......................
.......................
......YYY..............
.......@Y..............
.......................
.......................
.......................
#+#####################


You could see 4 death yaks.

Vanquished Creatures
  5 two-headed ogres
  2 death yaks (D:10)
  Pikel (D:7)
  2 trolls
  Grinder (D:5)
  Sigmund (D:5)
  A spriggan (D:7)
  5 yaks (D:9)
  A wyvern (D:9)
  A water moccasin (D:9)
  8 orc warriors
  2 sky beasts
  A black bear (D:4)
  2 lemures (D:7)
  2 bullfrogs
  Blork the orc (D:6)
  A gnoll sergeant (D:8)
  4 scorpions
  7 wights
  6 killer bees (D:9)
  4 howler monkeys
  2 hounds
  3 jellies
  5 orc priests
  3 iguanas
  19 orc wizards
  4 adders
  9 gnolls
  A shadow imp (D:7)
  2 white imps
  3 ufetubi
  4 dart slugs
  56 orcs
  A ball python (D:2)
  4 bats
  7 endoplasms
  5 giant cockroaches
  6 goblins
  10 hobgoblins
  5 quokkas
  4 frilled lizards
  6 kobolds
  4 rats
221 creatures vanquished.

Notes
Turn   | Place    | Note
-------+----------+-------------------------------------------
     0 | D:1      | FishyPogo the Deep Elf Air Elementalist began the quest for
                  | the Orb.
     0 | D:1      | Reached XP level 1. HP: 10/10 MP: 6/6
   170 | D:1      | Reached XP level 2. HP: 15/15 MP: 8/8
   173 | D:1      | Learned a level 2 spell: Static Discharge
   249 | D:1      | Reached skill level 3 in Dodging
   588 | D:2      | Reached XP level 3. HP: 19/19 MP: 5/9
   592 | D:2      | Learned a level 3 spell: Swiftness
  1852 | D:3      | Reached XP level 4. HP: 18/24 MP: 8/11
  2035 | D:3      | Found a faded altar of an unknown god.
  2048 | D:3      | Prayed at the altar of an unknown god.
  2048 | D:3      | Became a worshipper of the Wu Jian Council
  2048 | D:3      | Reached * piety under Wu Jian
  2090 | D:4      | Reached skill level 4 in Dodging
  2112 | D:4      | Noticed a scorpion
  2120 | D:4      | Killed a scorpion
  2121 | D:4      | Reached XP level 5. HP: 21/28 MP: 7/13
  2126 | D:4      | Learned a level 4 spell: Airstrike
  2302 | D:4      | Noticed a black bear
  2316 | D:4      | Killed a black bear
  2317 | D:4      | Reached XP level 6. HP: 20/32 MP: 8/14
  2474 | D:4      | Reached skill level 5 in Dodging
  2557 | D:4      | Identified the +0 robe of Okawaru, Howling {Regen+ Str+5
                  | Int-2 Stlth+}
  2828 | D:5      | Entered Level 5 of the Dungeon
  2841 | D:5      | Reached ** piety under Wu Jian
  2853 | D:5      | Reached skill level 5 in Spellcasting
  2853 | D:5      | Reached skill level 1 in Summonings
  2932 | D:5      | Reached XP level 7. HP: 36/36 MP: 12/17
  3029 | D:5      | Reached skill level 6 in Dodging
  3104 | D:5      | Noticed Sigmund
  3122 | D:5      | Killed Sigmund
  3243 | D:5      | Noticed Grinder
  3261 | D:5      | Killed Grinder
  3262 | D:5      | Reached skill level 7 in Dodging
  3262 | D:5      | Reached XP level 8. HP: 41/41 MP: 9/20
  3359 | D:5      | Found a staircase to the Ecumenical Temple.
  3391 | D:5      | Found a sacrificial altar of Ru.
  3396 | D:5      | Found a glowing silver altar of Zin.
  3773 | D:6      | Noticed Blork the orc
  3984 | D:6      | Killed Blork the orc
  4136 | D:6      | Reached skill level 8 in Dodging
  4828 | D:7      | Noticed Pikel
  4846 | D:7      | Killed Pikel
  4847 | D:7      | Reached skill level 5 in Summonings
  4847 | D:7      | Reached XP level 9. HP: 45/45 MP: 6/24
  5071 | D:7      | Noticed a troll
  5076 | D:7      | Killed a troll
  5077 | D:7      | Reached skill level 9 in Dodging
  5077 | D:7      | Reached skill level 10 in Spellcasting
  5213 | D:7      | Noticed a two-headed ogre
  5213 | D:7      | Noticed a two-headed ogre
  5338 | D:7      | Killed a two-headed ogre
  5391 | D:7      | Killed a two-headed ogre
  5392 | D:7      | Reached skill level 10 in Dodging
  5594 | D:7      | Found the +12 pair of quick blades "Gyre" and "Gimble"
                  | {protect}
  5631 | D:8      | Reached XP level 10. HP: 50/50 MP: 14/26
  5667 | D:8      | Found Somu's Tiny Tomes.
  5709 | D:8      | You fall into a shaft and drop 3 floors!
  5737 | D:11     | Reached skill level 1 in Short Blades
  5749 | D:10     | Entered Level 10 of the Dungeon
  5779 | D:10     | Found an ornate altar of the Wu Jian Council.
  5862 | D:10     | Noticed a death yak
  5890 | D:10     | Noticed a death yak
  5891 | D:10     | Noticed a death yak
  6009 | D:9      | Found a flagged portal.
  6011 | D:9      | Reached *** piety under Wu Jian
  6071 | Bailey   | Entered a bailey
  6497 | D:9      | Noticed a two-headed ogre
  6503 | D:9      | Killed a two-headed ogre
  6605 | D:8      | Reached skill level 5 in Transmutations
  6821 | D:8      | Found Wowaug's General Store.
  7582 | D:9      | Noticed a two-headed ogre
  7588 | D:9      | Killed a two-headed ogre
  7693 | D:9      | Reached **** piety under Wu Jian
  7786 | D:9      | Noticed a two-headed ogre
  7793 | D:9      | Killed a two-headed ogre
  7794 | D:9      | Reached skill level 10 in Summonings
  7794 | D:9      | Reached XP level 11. HP: 24/54 MP: 22/27
  7831 | D:9      | Reached skill level 11 in Dodging
  7948 | D:9      | Found a shimmering blue altar of Sif Muna.
  8069 | D:9      | Reached skill level 5 in Short Blades
  8156 | D:10     | Noticed a death yak
  8160 | D:10     | Noticed a death yak
  8163 | D:10     | Noticed a death yak
  8167 | D:10     | Killed a death yak
  8167 | D:10     | Killed a death yak
  8172 | D:10     | Mangled by a death yak

Illustrated notes

Levels and vault maps discovered:
D:1:      lemuel_arrival_behind_the_door_small, layout_rooms
D:2:      layout_loops_ring, hangedman_abyss_or_decor_stabs
D:3:      layout_basic, ebering_ecumenical_altar_ruins
D:4:      layout_loops_ring
D:5:      layout_basic, mainiacjoe_overflow_big_doors,
          minmay_temple_entry_from_below_b, minmay_a_box_with_orc_wizards_in_it,
          uniq_sigmund, uniq_grinder
D:6:      layout_basic, uniq_blork_the_orc
D:7:      layout_cave_pools, hellmonk_guarded_unrand_gyre_and_gimble, uniq_pikel
D:8:      layout_basic, serial_shops,
          nicolae_shop_temple_entry_statues_fountains,
          nicolae_shop_i_like_small_books_too, chequers_serial_rivers_large_b
D:9:      layout_roguey, tgw_sif, enter_bailey_5, hangedman_decor_peaks_small,
          columned_hall_lemuel
D:10:     layout_grid_maze, lemuel_coloured_pillars_altar, dpeg_lair_monsters
D:11:     layout_basic

Skill      XL: |  1  2  3  4  5  6  7  8  9 10 11 |
---------------+----------------------------------+-----
Dodging        | 3 4 5 7 8 10 11 | 11.2
Conjurations   | 2 3 4 |  4.0
Stealth        | 3 |  3.0
Spellcasting   | 4 5 6 9 10 | 10.0
Air Magic      | 4 |  4.0
Summonings     | 1 2 5 8 10 | 10.3
Transmutations | 2 6 |  6.7
Short Blades   | 4 5 |  5.4

Action                     |  1- 3 |  4- 6 |  7- 9 | 10-12 || total
---------------------------+-------+-------+-------+-------++-------
  Melee: Spear             |    61 |    23 |       |       ||    84
         Punch             |     1 |       |       |       ||     1
         War axe           |       |       |    42 |       ||    42
         Short sword       |       |       |    10 |       ||    10
         Pair of quick bla |       |       |     1 |   127 ||   128
   Cast: Shock             |    40 |    56 |   144 |   124 ||   364
         Static Discharge  |     2 |       |       |     1 ||     3
         Airstrike         |       |       |    23 |    39 ||    62
         Swiftness         |       |       |     1 |       ||     1
Ability: Whirlwind         |       |     8 |     1 |    26 ||    35
         Lunge             |       |       |       |    15 ||    15
    Use: Potion            |       |       |     2 |       ||     2
         Scroll            |       |       |     3 |     3 ||     6
   Stab: Sleeping          |    12 |     3 |     1 |     1 ||    17
         Distracted        |     1 |       |       |       ||     1
 Armour: Robe              |     6 |     7 |    12 |    15 ||    40
  Dodge: Dodged            |    21 |    20 |    52 |    40 ||   133
  Block: Other             |       |     4 |    12 |    14 ||    30
